[Event "Titled Tuesday Blitz December 27 Late 2022"]
[White "Skvortsov, Andrei"]
[Black "Bogaudinov, Rushan"]
[WhiteFideId "24108600"]
[BlackFideId "4129288"]
[WhiteElo "2313"]
[BlackElo "1939"]
[Result "1-0"]
[Round "11"]
[TimeControl "180+2"]
[Date "2022.12.27"]
[WhiteClock "0:00:12"]
[BlackClock "0:00:01"]

1. d4 Nf6 2. c4 e6 3. Nc3 d5 4. cxd5 exd5 5. Bg5 c6 6. Nf3 Be7 7. e3 Nbd7 8. Bd3 h6 9. Bh4 O-O 10. Qc2 Re8 11. O-O Ne4 12. Bxe7 Qxe7 13. Nd2 Nxd2 14. Qxd2 Nf6 15. Rab1 a5 16. a3 h5 17. b4 axb4 18. axb4 h4 19. h3 Be6 20. Ne2 g5 21. f4 g4 22. Nc3 gxh3 23. f5 Bd7 24. Rf3 h2+ 25. Kxh2 Qd6+ 26. Kg1 Ng4 27. Rf4 Nxe3 28. Rxh4 Qf6 29. Qf2 Ra3 30. Rc1 Bxf5 31. Rf4 Qg5 32. g3 Ng4 33. Qf3 Be6 34. Bf5 1-0


[Site "https://www.chess.com"]

[Event "Titled Tuesday Blitz December 27 Late 2022"]
[White "Smith, Garrett L"]
[Black "Sanchez, Robert"]
[WhiteFideId "2024829"]
[BlackFideId "2034360"]
[WhiteElo "2047"]
[BlackElo "1966"]
[Result "0-1"]
[Round "11"]
[TimeControl "180+2"]
[Date "2022.12.27"]
[WhiteClock "0:00:08"]
[BlackClock "0:00:34"]

1. e4 d5 2. exd5 Qxd5 3. Nc3 Qe6+ 4. Be2 Qg6 5. Bf3 Nc6 6. d3 Bd7 7. Be3 O-O-O 8. Qe2 e5 9. h4 f5 10. h5 Qe8 11. O-O-O Nf6 12. Bg5 Nd4 13. Qd2 Bb4 14. a3 Ba5 15. b4 Bb6 16. h6 Qf7 17. hxg7 Qxg7 18. Nd5 Rdf8 19. Bxf6 Rxf6 20. Nxf6 Qxf6 21. Bd5 c6 22. Bc4 Bc7 23. Qh6 Qe7 24. c3 Ne6 25. Nf3 Nf4 26. Rhe1 Nxg2 27. Re2 e4 28. Kb2 Nf4 29. Ree1 Ng2 30. Re2 b5 31. Bb3 Nf4 32. dxe4 Nxe2 33. e5 Bxe5 34. Re1 Bxc3+ 35. Ka2 Bxe1 0-1


[Site "https://www.chess.com"]

[Event "Titled Tuesday Blitz December 27 Late 2022"]
[White "Solon, Nathan"]
[Black "Rustemov, Alexander"]
[WhiteFideId "2017229"]
[BlackFideId "4119002"]
[WhiteElo "2306"]
[BlackElo "2525"]
[Result "0-1"]
[Round "11"]
[TimeControl "180+2"]
[Date "2022.12.27"]
[WhiteClock "0:01:52"]
[BlackClock "0:02:21"]

1. Nf3 d5 2. g3 Nf6 3. Bg2 Bf5 4. O-O e6 5. c4 Nbd7 6. d3 dxc4 7. dxc4 c6 8. Nc3 Be7 9. b3 h6 10. Bb2 O-O 11. Qc1 Qc7 12. Rd1 Rfd8 13. h3 a5 14. Qe3 Bc5 15. Qc1 Qxg3 0-1


[Site "https://www.chess.com"]

[Event "Titled Tuesday Blitz December 27 Late 2022"]
[White "Sos Andreu, Eric"]
[Black "Balague Camps, Marc"]
[WhiteFideId "22247017"]
[BlackFideId "2297914"]
[WhiteElo "2352"]
[BlackElo "2190"]
[Result "0-1"]
[Round "11"]
[TimeControl "180+2"]
[Date "2022.12.27"]
[WhiteClock "0:00:22"]
[BlackClock "0:00:51"]

1. d4 c5 2. d5 e5 3. c4 d6 4. Nc3 g6 5. e4 Bg7 6. Bd3 Nf6 7. Nge2 O-O 8. O-O Ne8 9. Rb1 Nd7 10. a3 f5 11. b4 f4 12. f3 a5 13. Bd2 axb4 14. axb4 cxb4 15. Rxb4 Nc5 16. Be1 Ra3 17. Bf2 g5 18. Bc2 g4 19. Bxc5 dxc5 20. Rb3 Ra6 21. Nb5 Rh6 22. fxg4 Bxg4 23. h3 f3 24. hxg4 fxe2 25. Rxf8+ Bxf8 26. Qxe2 Rg6 27. Bd1 Bh6 28. Qf2 Rf6 29. Bf3 Qa5 30. Ra3 Qb4 31. Ra5 Qxa5 32. Qxc5 Qe1+ 33. Kh2 Bf4+ 34. Kh3 Qg3# 0-1


[Site "https://www.chess.com"]

[Event "Titled Tuesday Blitz December 27 Late 2022"]
[White "Sukandar, Irine Kharisma"]
[Black "Pakleza, Zbigniew"]
[WhiteFideId "7101937"]
[BlackFideId "1119290"]
[WhiteElo "2390"]
[BlackElo "2494"]
[Result "0-1"]
[Round "11"]
[TimeControl "180+2"]
[Date "2022.12.27"]
[WhiteClock "0:00:05"]
[BlackClock "0:00:04"]

1. e4 d6 2. d4 Nf6 3. Nc3 c6 4. h3 b5 5. Bd3 e5 6. Nf3 Nbd7 7. Be3 Bb7 8. Qd2 Be7 9. a4 b4 10. Ne2 a5 11. Ng3 O-O 12. O-O Re8 13. c3 bxc3 14. bxc3 Qc7 15. Rfb1 Bf8 16. Qc2 Rab8 17. Bc4 d5 18. exd5 cxd5 19. Bb5 e4 20. Ne5 Nxe5 21. Bxe8 Nc4 22. Bb5 Nxe3 23. Qe2 Nc4 24. Bxc4 dxc4 25. Rb5 Bd5 26. Rab1 Re8 27. Nf5 Bc6 28. Qxc4 Qd7 29. Rxa5 Bd5 30. Qb5 Qxf5 31. c4 e3 32. fxe3 Rxe3 33. cxd5 Qe4 34. Qf1 h5 35. Ra8 Nxd5 36. Rbb8 Re1 37. Rxf8+ Kh7 38. Rxf7 Rxf1+ 39. Rxf1 Ne3 0-1


[Site "https://www.chess.com"]

[Event "Titled Tuesday Blitz December 27 Late 2022"]
[White "Theodorou, Nikolas"]
[Black "Movahed, Sina"]
[WhiteFideId "4262875"]
[BlackFideId "42520835"]
[WhiteElo "2591"]
[BlackElo "2340"]
[Result "1-0"]
[Round "11"]
[TimeControl "180+2"]
[Date "2022.12.27"]
[WhiteClock "0:00:10"]
[BlackClock "0:00:10"]

1. e4 c5 2. d4 cxd4 3. c3 Nf6 4. e5 Nd5 5. Bc4 Nb6 6. Bb3 d5 7. exd6 Qxd6 8. Nf3 Nc6 9. Ng5 e6 10. O-O Be7 11. Qh5 Bxg5 12. Bxg5 O-O 13. Nd2 e5 14. Ne4 Qg6 15. Qxg6 hxg6 16. f4 Bf5 17. Nd6 e4 18. Rfe1 e3 19. Nxb7 Kh7 20. cxd4 Nxd4 21. Rxe3 f6 22. Bh4 a5 23. Nd6 a4 24. Bd1 Rfd8 25. Nxf5 Nxf5 26. Rh3 Nxh4 27. Rxh4+ Kg8 28. Rh3 Rd2 29. b3 a3 30. b4 Kf7 31. Bb3+ Ke7 32. Rh7 Kd6 33. Rxg7 Nd5 34. Rxg6 Rc8 35. Re1 Rc3 36. Rg8 Rxb3 37. axb3 a2 38. Rc8 Nxb4 39. Rd8+ 1-0


[Site "https://www.chess.com"]

[Event "Titled Tuesday Blitz December 27 Late 2022"]
[White "Toncheva, Nadya"]
[Black "Arencibia Monduy, Antonio"]
[WhiteFideId "2924056"]
[BlackFideId "3507939"]
[WhiteElo "2295"]
[BlackElo "2122"]
[Result "1-0"]
[Round "11"]
[TimeControl "180+2"]
[Date "2022.12.27"]
[WhiteClock "0:00:33"]
[BlackClock "0:00:06"]

1. e4 c5 2. Nf3 e6 3. d4 cxd4 4. Nxd4 Nc6 5. Nc3 a6 6. Be3 Qc7 7. g4 b5 8. Nxc6 dxc6 9. Bg2 e5 10. h3 Nf6 11. Qd2 Be6 12. O-O-O Be7 13. f4 Rd8 14. Qf2 exf4 15. Bxf4 Qc8 16. Rxd8+ Qxd8 17. Rd1 Qc8 18. Qa7 Bb4 19. a3 Bxc3 20. Bd6 Nd7 21. bxc3 f6 22. e5 fxe5 23. Be4 Kf7 24. Rf1+ Kg8 25. Bxc6 Qxc6 26. Qb8+ Nxb8 27. Rf8# 1-0


[Site "https://www.chess.com"]

[Event "Titled Tuesday Blitz December 27 Late 2022"]
[White "Torres Dominguez, David"]
[Black "Sadilek, Peter"]
[WhiteFideId "2220857"]
[BlackFideId "1616439"]
[WhiteElo "1994"]
[BlackElo "2314"]
[Result "1-0"]
[Round "11"]
[TimeControl "180+2"]
[Date "2022.12.27"]
[WhiteClock "0:01:39"]
[BlackClock "0:02:13"]

1. e4 e6 2. d4 d5 3. exd5 exd5 4. Bd3 c5 5. Nf3 Nc6 6. O-O c4 7. Re1+ Be6 8. Bf1 Bd6 9. Bxc4 dxc4 10. d5 Qd7 11. dxe6 fxe6 12. Ng5 O-O-O 13. Qe2 Nd4 14. Qxc4+ Kb8 15. Be3 e5 16. Bxd4 exd4 17. Nf7 Rc8 18. Qb3 Nf6 19. Nxh8 Rxh8 20. Nd2 Ng4 21. h3 Rf8 1-0


[Site "https://www.chess.com"]

[Event "Titled Tuesday Blitz December 27 Late 2022"]
[White "Vaibhav Jayant Raut"]
[Black "Rasulov, Vugar"]
[WhiteFideId "5089034"]
[BlackFideId "13402390"]
[WhiteElo "2237"]
[BlackElo "2523"]
[Result "1-0"]
[Round "11"]
[TimeControl "180+2"]
[Date "2022.12.27"]
[WhiteClock "0:00:02"]
[BlackClock "0:01:11"]

1. d4 a5 2. Nf3 b6 3. e4 Bb7 4. Nc3 g6 5. h4 h6 6. Bf4 Bg7 7. Bd3 d6 8. Qe2 Nd7 9. Rd1 e6 10. O-O Qe7 11. Rfe1 Ngf6 12. e5 Nh5 13. exd6 cxd6 14. Bh2 O-O 15. Nb5 e5 16. dxe5 Bxf3 17. Qxf3 Nxe5 18. Qe4 Rae8 19. Nc3 Nf6 20. Qe2 Nfg4 21. Bxe5 Nxe5 22. g3 f5 23. Bb5 Rc8 24. f4 Kh7 25. fxe5 dxe5 26. Rd7 Qc5+ 27. Kh1 e4 28. h5 g5 29. Red1 Qe5 30. Kg2 e3 31. R1d5 Qe6 32. Bd3 Kh8 33. Qf3 f4 34. R7d6 Qe8 35. Ne4 Qe7 36. Rd7 Qe6 37. R7d6 Qe7 38. g4 e2 39. Bxe2 Rxc2 40. Rd2 Rxd2 41. Rxd2 Re8 42. Bd3 Qb4 43. Re2 Rd8 44. Nc3 Qd4 45. Bb1 a4 46. a3 Qc4 47. Qb7 Rf8 48. Qf3 b5 49. Kh3 b4 50. axb4 Qxb4 51. Qd3 Kg8 52. Ba2+ Kh8 53. Bb1 Kg8 54. Qh7+ Kf7 55. Bg6+ Kf6 56. Nd5# 1-0


[Site "https://www.chess.com"]

[Event "Titled Tuesday Blitz December 27 Late 2022"]
[White "Vasquez Schroeder, Rodrigo"]
[Black "Melkumyan, Hrant"]
[WhiteFideId "3400042"]
[BlackFideId "13302485"]
[WhiteElo "2524"]
[BlackElo "2645"]
[Result "0-1"]
[Round "11"]
[TimeControl "180+2"]
[Date "2022.12.27"]
[WhiteClock "0:00:26"]
[BlackClock "0:00:05"]

1. e4 c5 2. Nf3 Nc6 3. d4 cxd4 4. Nxd4 g6 5. c4 Nf6 6. Nc3 d6 7. f3 Nxd4 8. Qxd4 Bg7 9. Be3 O-O 10. Qd2 a5 11. Na4 Nd7 12. Rc1 b6 13. b3 Nc5 14. Nc3 f5 15. exf5 Bxf5 16. Be2 Bd7 17. O-O Bc6 18. Bd1 e6 19. Bc2 Ra7 20. Bd4 Bxd4+ 21. Qxd4 e5 22. Qe3 Ne6 23. Be4 Bxe4 24. Nxe4 Nd4 25. Nc3 Raf7 26. Rf2 Qh4 27. Rcf1 Rf5 28. g3 Qe7 29. Nd5 Qb7 30. Qe4 R5f7 31. f4 Nc6 32. fxe5 Nxe5 33. Nf6+ Kh8 34. Qxb7 Rxb7 35. Ne4 Rxf2 36. Rxf2 Rd7 37. Kg2 Kg7 38. Nf6 Rd8 39. Nd5 Rb8 40. Rf6 b5 41. Rxd6 bxc4 42. bxc4 Rb2+ 43. Kh3 Rxa2 44. c5 Rc2 45. Re6 Nf3 46. Re7+ Kf8 47. Re3 Ng5+ 48. Kg4 Rxc5 49. Nf4 h5+ 50. Kh4 Kf7 51. Rb3 Ne4 52. Rb7+ Ke8 53. Nxg6 a4 54. Ra7 Nc3 55. Nf4 Rb5 56. Nxh5 Rb3 57. Nf6+ Kd8 58. Kg5 a3 59. Kf5 a2 60. Ne4 Rb5+ 61. Kf4 Rb4 62. Ke3 Rxe4+ 63. Kd3 Ra4 64. Rxa4 Nxa4 65. Kc2 a1=Q 66. Kb3 Qc3+ 67. Kxa4 Kc7 68. Kb5 Kd6 69. Ka4 Kc5 70. g4 Qb4# 0-1


[Site "https://www.chess.com"]

[Event "Titled Tuesday Blitz December 27 Late 2022"]
[White "Vovk, Orest"]
[Black "Novikov, Evgenij"]
[WhiteFideId "14113490"]
[BlackFideId "4125380"]
[WhiteElo "2315"]
[BlackElo "2276"]
[Result "1-0"]
[Round "11"]
[TimeControl "180+2"]
[Date "2022.12.27"]
[WhiteClock "0:00:02"]
[BlackClock "0:00:01"]

1. h4 c6 2. h5 h6 3. Nc3 d5 4. e4 dxe4 5. Nxe4 Nd7 6. Qe2 Ndf6 7. Nf3 Nxe4 8. Qxe4 Nf6 9. Qh4 Bf5 10. c3 Bd3 11. Qd4 Bxf1 12. Qxd8+ Rxd8 13. Kxf1 Rd5 14. d4 Rxh5 15. Rg1 Rd5 16. c4 Rd8 17. b4 e6 18. Rb1 Be7 19. g4 g5 20. Be3 a6 21. Ne5 Bd6 22. b5 axb5 23. cxb5 Nd5 24. bxc6 Bxe5 25. dxe5 Nxe3+ 26. fxe3 bxc6 27. Ke2 Ra8 28. Kf3 O-O 29. Rgc1 Ra6 30. Rb7 Rc8 31. Rc2 Kg7 32. Ke4 Ra4+ 33. Kf3 Ra5 34. Ke4 Kg6 35. Rf2 Ra4+ 36. Kf3 f6 37. Kg3 f5 38. gxf5+ exf5 39. Re7 Rg4+ 40. Kf3 Re4 41. Re6+ Kg7 42. Kg2 Rf8 43. Rxc6 Rxe3 44. Rc7+ Kg6 45. Rc6+ Kh5 46. e6 f4 47. Kf1 Re8 48. e7 R8xe7 49. Rh2+ Kg4 50. Rg2+ Kf3 51. Rf2+ Ke4 52. Rc4+ Kf5 53. Rb4 R7e5 54. Rb8 g4 55. Rf8+ Ke4 56. R8xf4+ Kd3 57. Rxg4 Re1+ 58. Kg2 h5 59. Rg3+ Kd4 60. a4 Ra1 61. Rh3 Kd5 62. Rd3+ Ke6 63. Rd4 Ra3 64. Rdf4 1-0


[Site "https://www.chess.com"]

[Event "Titled Tuesday Blitz December 27 Late 2022"]
[White "Wang, Alexander J"]
[Black "Remolar Gallen, Jose"]
[WhiteFideId "30955270"]
[BlackFideId "2215187"]
[WhiteElo "1815"]
[BlackElo "2285"]
[Result "0-1"]
[Round "11"]
[TimeControl "180+2"]
[Date "2022.12.27"]
[WhiteClock "0:01:57"]
[BlackClock "0:01:16"]

1. e4 c5 2. Nf3 d6 3. d4 cxd4 4. Nxd4 Nf6 5. Nc3 a6 6. g3 e5 7. Nde2 h5 8. Be3 h4 9. Bg2 h3 10. Bf3 Bg4 11. Ng1 Be6 12. Nge2 Nbd7 13. Nd5 Bxd5 14. exd5 e4 15. Bxe4 Nxe4 16. Qd4 Nef6 17. Nf4 Be7 18. a4 Qc7 19. c3 Rc8 20. O-O Ne5 21. Kh1 Qc4 22. Qxc4 Nxc4 23. Bd4 Nd2 24. Rfe1 Kd7 25. Rad1 Nf3 26. Re3 Nxd4 27. Rxd4 Ng4 28. Re2 Bf6 29. Rb4 Rce8 30. Rxb7+ Kc8 31. Rxf7 Rxe2 32. Nxe2 Re8 33. f3 Rxe2 34. fxg4 Re1# 0-1


[Site "https://www.chess.com"]

[Event "Titled Tuesday Blitz December 27 Late 2022"]
[White "Yano, William Jorge Froes"]
[Black "Rose, Felix"]
[WhiteFideId "2112949"]
[BlackFideId "5105722"]
[WhiteElo "2045"]
[BlackElo "2091"]
[Result "1-0"]
[Round "11"]
[TimeControl "180+2"]
[Date "2022.12.27"]
[WhiteClock "0:01:07"]
[BlackClock "0:00:20"]

1. e4 e5 2. Nc3 Nf6 3. f4 d5 4. fxe5 Nxe4 5. Nf3 Bc5 6. Qe2 Bf2+ 7. Kd1 Bb6 8. Nxe4 dxe4 9. Qxe4 O-O 10. Bd3 g6 11. g4 Nc6 12. h4 Re8 13. h5 Qe7 14. hxg6 hxg6 15. b3 Be6 16. Qf4 Qf8 17. Bb2 Rad8 18. Ng5 Bc5 19. Nh7 Qg7 20. Nf6+ Kf8 21. Rh7 1-0


[Site "https://www.chess.com"]

[Event "Titled Tuesday Blitz December 27 Late 2022"]
[White "Yurovskykh, Oleksandr"]
[Black "Fernandez Garcia, Gumersindo"]
[WhiteFideId "14134020"]
[BlackFideId "24516740"]
[WhiteElo "2328"]
[BlackElo "2160"]
[Result "0-1"]
[Round "11"]
[TimeControl "180+2"]
[Date "2022.12.27"]
[WhiteClock "0:00:02"]
[BlackClock "0:00:16"]

1. d4 Nf6 2. Nf3 g6 3. Nbd2 d5 4. e3 Bg7 5. b4 O-O 6. Be2 a5 7. b5 b6 8. O-O Bb7 9. a4 Nbd7 10. Ba3 Re8 11. c3 e5 12. Qb3 Ne4 13. Nxe4 dxe4 14. Nd2 Qg5 15. d5 Nf6 16. c4 h5 17. Qc2 Qf5 18. Rfe1 Bh6 19. Bf1 Rad8 20. g3 h4 21. Bg2 hxg3 22. hxg3 Kg7 23. Nxe4 Nxe4 24. Qxe4 Qxe4 25. Bxe4 Bg5 26. Kg2 f5 27. Bc2 Bf6 28. e4 f4 29. g4 f3+ 30. Kxf3 Bc8 31. Kg3 Bg5 32. f3 Bf4+ 33. Kg2 Rh8 34. Rh1 Bd7 35. Rxh8 Rxh8 36. Rh1 Rxh1 37. Kxh1 Be3 38. Kg2 Kf6 39. Kf1 g5 40. Ke2 Bc5 41. Bc1 Bd6 42. Bd2 Bc5 43. Kf1 Be8 44. Bd3 Bd7 45. Ke2 Be8 46. Be1 Bd7 47. Kf1 Be8 48. Kg2 Bd7 49. Be2 Be8 50. f4 exf4 51. Bc3+ Ke7 52. Kf3 Bg6 53. Bd3 Bb4 54. Be5 Bd6 55. Bg7 Bc5 56. Ke2 Kf7 57. Be5 Bd6 58. Bd4 Ke7 59. e5 Bxd3+ 60. Kxd3 Bb4 61. Ke4 Bc5 62. Bc3 Bb4 63. Bb2 Bc5 64. e6 Bd6 65. Bg7 Bc5 66. Be5 Bd6 67. Bd4 Bc5 68. Bxc5+ bxc5 69. b6 cxb6 70. Ke5 f3 71. d6+ Ke8 72. d7+ Ke7 73. Kd5 f2 74. Kc6 f1=Q 75. Kc7 Qf4+ 0-1